 Dungeon Crawl Stone Soup version 0.31-a0-803-g95b03c3367 (webtiles) character file.

Game seed: 17218000598680173151

1763944 Flugkiller the Hawkeye (level 27, 249/249 HPs)
             Began as a Naga Wanderer on Sept 21, 2023.
             Was a High Priest of Okawaru.
             Escaped with the Orb
             ... and 3 runes!
             The game lasted 01:44:15 (63163 turns).

Flugkiller the Hawkeye (Naga Wanderer)             Turns: 63163, Time: 01:44:16

Health: 249/249    AC: 50    Str: 28    XL:     27
Magic:  33/33      EV: 17    Int:  9    God:    Okawaru [*****.]
Gold:   5759       SH: 31    Dex: 17    Spells: 27/28 levels left

rFire   + + .        Q - +6 demon trident (heavy)
rCold   . . .        x - +10 tower shield of Ignorance {rN+ Int-4}
rNeg    + + .        r - +2 storm dragon scales {Bai Suzhen}
rPois   +            K - +1 helmet of Lyenaky {rF+ Str+2 Int+2}
rElec   +            s - +0 cloak {rCorr}
rCorr   +            N - +1 pair of gloves
SInv    +            P - +4 barding {rF+}
Will    +++..        I - amulet of regeneration Stlth
                     v - +5 ring of evasion
HPRegen 1.41/turn    k - ring "Yvag" {rN+ AC+4}
MPRegen 0.23/turn

%: no passive effects
@: studying Translocations, very slow
A: AC +9, large, see invisible, deformed body, poison resistance, slowness 2,
spit poison 1, naga tail 2, iridescent scales 1, frail 1, screaming 1, strong 1
0: Orb of Zot
}: 3/15 runes: barnacled, silver, gossamer
a: Spit Poison, Renounce Religion, Heroism, Finesse, Duel


You escaped.
You worshipped Okawaru.
Okawaru was extremely pleased with you.
You visited 9 branches of the dungeon, and saw 45 of its levels.
You also visited: Ossuary, Gauntlet, Ice Cave, Volcano, Wizlab and Desolation.

You collected 8053 gold pieces.
You spent 2294 gold pieces at shops.

Inventory:

Hand Weapons
 Q - a +6 heavy demon trident (weapon)
   (Okawaru gifted it to you on level 10 of the Dungeon)
Missiles
 u - 40 javelins
 R - 13 curare-tipped darts
 V - 40 silver javelins (quivered)
Armour
 g - the +7 Kryia's mail coat {PotionHeal*2 rC+}
   (You found it on level 2 of the Dungeon)

   PotionHeal*2: Potions heal its wearer twice as much.
   rC+:       It protects you from cold.
 r - +2 storm dragon scales (worn) {Bai Suzhen}
   (You found it on level 4 of the Spider Nest)
 s - a +0 cloak of preservation (worn)
   (You found it on level 4 of the Dungeon)
 x - the +10 tower shield of Ignorance (worn) {rN+ Int-4}
   (You bought it in a shop on level 4 of the Depths)

   Int-4:     It affects your intelligence (-4).
   rN+:       It protects you from negative energy.
 K - the +1 helmet of Lyenaky (worn) {rF+ Str+2 Int+2}
   (You acquired it on level 1 of the Orcish Mines)

   Str+2:     It affects your strength (+2).
   Int+2:     It affects your intelligence (+2).
   rF+:       It protects you from fire.
 N - a +1 pair of gloves (worn)
   (You found it on level 11 of the Dungeon)
 P - a +4 barding of fire resistance (worn)
   (Okawaru gifted it to you on level 10 of the Dungeon)
 W - a +10 plate armour of ponderousness
   (You took it off a vault guard on level 5 of the Vaults)
Magical Staves
 j - the staff "Tik Ziry" {rPois rF+ rC+ Will+ Poison}
   (You found it on level 1 of the Realm of Zot)

   [staff of poison]

   Base accuracy: +5 Base damage: 5 Base attack delay: 1.2 This weapon's minimum
   attack delay (0.6) is reached at skill level 12.
   rF+:       It protects you from fire.
   rC+:       It protects you from cold.
   rPois:     It protects you from poison Will+: It increases your willpower.
   Poison:    It increases the power of your Poison spells.
   It falls into the 'Staves' category.
   It is a one-handed weapon.
Jewellery
 a - a +6 ring of strength
   (You found it on level 2 of the Lair of Beasts)
 c - a ring of protection from cold
   (You found it on level 1 of the Realm of Zot)
 k - the ring "Yvag" (right hand) {rN+ AC+4}
   (You found it in the Desolation of Salt)

   [ring of protection]

   AC+4:      It affects your AC (+4).
   rN+:       It protects you from negative energy.
 p - a +4 ring of protection
   (You found it on level 2 of the Depths)
 v - a +5 ring of evasion (left hand)
   (You found it on level 3 of the Dungeon)
 E - the ring of Egryi {rElec Will+ Int+5}
   (You found it on level 14 of the Dungeon)

   [ring of willpower]

   Int+5:     It affects your intelligence (+5).
   rElec:     It insulates you from electricity.
   Will+:     It increases your willpower.
 I - an amulet of regeneration (around neck)
   (You took it off a merfolk javelineer on level 3 of the Shoals)
Wands
 m - a wand of polymorph (27)
   (You found it on level 14 of the Dungeon)
 o - a wand of digging (23)
   (You found it on level 2 of the Spider Nest)
 F - a wand of roots (43)
   (You took it off Pikel on level 7 of the Dungeon)
 G - a wand of mindburst (60)
   (You found it on level 11 of the Dungeon)
 U - a wand of acid (23)
   (You found it on level 5 of the Lair of Beasts)
Scrolls
 b - 15 scrolls of fog
 e - 4 scrolls of enchant armour
 l - 10 scrolls of silence
 t - 11 scrolls of teleportation
 y - 10 scrolls of poison
 z - a scroll of blinking
 C - 5 scrolls of revelation
 D - 9 scrolls of immolation
 M - 9 scrolls of vulnerability
 T - 2 scrolls of fear
Potions
 d - 8 potions of might
 f - a potion of ambrosia
 h - 7 potions of haste
 i - 7 potions of invisibility
 n - 10 potions of resistance
 q - 15 potions of curing
 w - 3 potions of heal wounds
 A - 2 potions of berserk rage
 B - 8 potions of mutation
 H - 10 potions of enlightenment
 J - 5 potions of cancellation
 O - 5 potions of magic
Miscellaneous
 X - a condenser vane
   (You found it in a Gauntlet)
 Y - a phial of floods
   (You found it in a Gauntlet)


   Skills:
 - Level 22.0 Fighting
 - Level 14.0 Polearms
 + Level 22.3 Throwing
 - Level 20.0 Armour
 - Level 15.0 Dodging
 - Level 3.0 Stealth
 - Level 18.0 Shields
 - Level 1.0 Spellcasting
 - Level 2.0 Transmutations
 - Level 3.0 Poison Magic
 - Level 14.0 Invocations
 - Level 8.0 Evocations


You had 27 spell levels left.
You knew the following spells:

 Your Spells              Type           Power      Damage    Failure   Level
a - Sting                 Tmut/Pois      16%        1d3       54%         1

Your spell library contained the following spells:

 Spells                   Type           Power      Damage    Failure   Level
 Wereblood                Tmut           4%         N/A       77%         2
 Poisonous Vapours        Pois/Air       6%         N/A       83%         2
 Apportation              Tloc           0%         N/A       88%         1
 Magic Dart               Conj           0%         1d3       88%         1
 Necrotise                Necr           0%         1d4       88%         1
 Sandblast                Erth           0%         2d4       88%         1
 Shock                    Conj/Air       0%         1d3       88%         1
 Passwall                 Tmut/Erth      1%         N/A       88%         2
 Jinxbite                 Hex            0%         N/A       95%         2
 Lesser Beckoning         Tloc           0%         N/A       95%         2
 Scorch                   Fire           0%         2d5       95%         2
 Static Discharge         Conj/Air       0%         2-2/arc   95%         2
 Sublimation of Blood     Necr           0%         N/A       95%         2
 Ignite Poison            Fire/Tmut/Pois 3%         N/A       96%         3
 Mephitic Cloud           Conj/Pois/Air  2%         N/A       98%         3
 Dazzling Flash           Conj/Hex       0%         N/A       99%         3
 Gell's Gravitas          Tloc           0%         N/A       99%         3
 Inner Flame              Hex/Fire       0%         N/A       99%         3
 Sigil of Binding         Hex            0%         N/A       99%         3
 Stone Arrow              Conj/Erth      0%         3d7       99%         3
 Swiftness                Air            0%         N/A       99%         3
 Teleport Other           Tloc           0%         N/A       99%         3
 Vampiric Draining        Necr           0%         2d6       99%         3
 Volatile Blastmotes      Fire/Tloc      0%         2d10      99%         3
 Olgreb's Toxic Radiance  Pois           5%         N/A       99%         4
 Airstrike                Air            0%         2d(0-16)  100%        4
 Brom's Barrelling Bould  Conj/Erth      0%         2d3       100%        4
 Cause Fear               Hex            0%         N/A       100%        4
 Dimensional Bullseye     Hex/Tloc       0%         N/A       100%        4
 Flame Wave               Conj/Fire      0%         2d4       100%        4
 Fulminant Prism          Conj/Hex       0%         3d5       100%        4
 Leda's Liquefaction      Hex/Erth       0%         N/A       100%        4
 Manifold Assault         Tloc           0%         N/A       100%        4
 Petrify                  Tmut/Erth      2%         N/A       100%        4
 Sticky Flame             Conj/Fire      0%         2d3       100%        4
 Vhi's Electric Charge    Tloc/Air       0%         N/A       100%        4
 Agony                    Necr           0%         N/A       100%        5
 Alistair's Intoxication  Tmut/Pois      2%         N/A       100%        5
 Arcjolt                  Conj/Air       0%         1d10      100%        5
 Fireball                 Conj/Fire      0%         3d3       100%        5
 Freezing Cloud           Conj/Ice/Air   0%         6-21      100%        5
 Irradiate                Conj/Tmut      1%         3d12      100%        5
 Lee's Rapid Deconstruct  Erth           0%         3d4*      100%        5
 Yara's Violent Unravell  Hex/Tmut       1%         3d3       100%        5
 Dispersal                Tloc           0%         N/A       100%        6
 Eringya's Noxious Bog    Tmut/Pois      2%         4d6       100%        6
 Leda's Unmaking          Conj/Erth      0%         9d1       100%        6
 Plasma Beam              Fire/Air       0%         2x1d10    100%        6
 Starburst                Conj/Fire      0%         6d3       100%        6
 Enfeeble                 Hex            0%         N/A       100%        7
 Ozocubu's Refrigeration  Ice            0%         4d7       100%        7
 Discord                  Hex            0%         N/A       100%        8
 Disjunction              Tloc           0%         N/A       100%        8
 Ignition                 Fire           0%         3d3       100%        8
 Maxwell's Capacitive Co  Air            0%         ∞         100%        8
 Chain Lightning          Conj/Air       0%         N/A       100%        9
 Fire Storm               Conj/Fire      0%         5d1       100%        9
 Polar Vortex             Ice            0%         N/A       100%        9
 Shatter                  Erth           0%         3d5*      100%        9
 Call Imp                 Summ           Unusable   N/A       N/A         2
 Call Canine Familiar     Summ           Unusable   N/A       N/A         3
 Summon Lightning Spire   Summ/Air       Unusable   N/A       N/A         4
 Summon Forest            Summ/Tloc      Unusable   N/A       N/A         5
 Simulacrum               Ice/Necr       Unusable   N/A       N/A         6
 Summon Cactus Giant      Summ           Unusable   N/A       N/A         6
 Summon Hydra             Summ           Unusable   N/A       N/A         7
 Dragon's Call            Summ           Unusable   N/A       N/A         9

Dungeon Overview and Level Annotations

Branches:
Dungeon (15/15)            Temple (1/1) D:4            Lair (5/5) D:11
 Shoals (4/4) Lair:3       Spider (4/4) Lair:2        Slime (0/5) Lair:4
    Orc (2/2) D:9             Elf (0/3) Orc:2        Vaults (5/5) D:14
  Crypt (0/3) Vaults:3     Depths (4/4) D:15            Zot (5/5) Depths:4
Ossuary (visited)           IceCv (visited)         Volcano (visited)
 WizLab (visited)         Desolation (visited)      Gauntlet (visited)

Altars:
Ashenzari
Cheibriados
Dithmenos
Elyvilon
Fedhas
Gozag
Hepliaklqana
Kikubaaqudgha
Makhleb
Nemelex Xobeh
Okawaru
Qazlal
Ru
Sif Muna
Trog
Uskayaw
Vehumet
Wu Jian
Xom
Yredelemnul
Zin
The Shining One
Jiyva

Shops:
D:3 :   D:14 *   Orc:2 *[(:   Vaults:2 *   Vaults:3 [   Depths:4 [

Portals:
Hell: Depths:1 Depths:2 Depths:3 Depths:4
Abyss: Depths:3
Pandemonium: Depths:1 Depths:2
Ziggurat: Depths:3
Trove: Vaults:4 (give 18 potions of curing)

Annotations:
D:5 2 runed translucent doors
Lair:5 exclusion: obsidian statue
Orc:1 1 runed translucent door


Innate Abilities, Weirdness & Mutations

Your serpentine skin is tough. (AC +9)
You have supernaturally acute eyesight. (SInv)
Armour fits poorly on your strangely shaped body.
Your system is resistant to poisons. (rPois)
You cover ground very slowly.
You can spit poison.
You can use your snake-like lower body to constrict enemies.
You are partially covered in iridescent scales. (AC +2)
You are frail. (-10% HP)
You occasionally shout uncontrollably at your foes.
Your muscles are strong. (Str +4, Int/Dex -1)


Message History

You impale Ilig!!
Ilig is heavily wounded.
You constrict Ilig. Ilig hits you but does no damage.
You hit Ilig.
Ilig is heavily wounded.
You constrict Ilig, but do no damage. Ilig gestures at you.
The bolt of dispelling energy hits you!!
You impale Ilig!!
Ilig is severely wounded.
You constrict Ilig! You block Ilig's attack.
You impale Ilig!!
Ilig is severely wounded.
You constrict Ilig! Ilig gestures at you.
You easily resist.
You puncture Ilig!
Ilig is almost dead.
You constrict Ilig!! Ilig hits you but does no damage.
You impale Ilig!!
You kill Ilig!
Okawaru accepts your kill. Okawaru crowns you victorious!
An exit appears.
There is a gate leading back out of this place here.
Welcome back to the Dungeon!
The Orb Guardian completely misses you.
There is a stone staircase leading up, spattered with blood here.
You block the Orb Guardian's attack. x2
The lich touches you but does no damage.
You climb upwards.
Level annotation: 2 runed translucent doors
There is a stone staircase leading down here.
You impale the lich!! You grab the lich.
The lich is moderately damaged.
You constrict the lich. You block the Orb Guardian's attack.
The lich touches you but does no damage.
A blizzard demon comes into view.
You impale the lich!!
The lich is severely damaged.
You constrict the lich. You block the Orb Guardian's attack.
You block the lich's attack. The Orb Guardian hits you.
You stick the lich like a pincushion!!!
You destroy the lich!
Okawaru accepts your kill. The Orb Guardian misses you.
You hit the Orb Guardian but do no damage.
You block the Orb Guardian's attack.
The blizzard demon waves its arms in wide circles.
The air twists around and strikes you.
You hit the Orb Guardian but do no damage.
You block the Orb Guardian's attack. x2
You perforate the blizzard demon like a sieve!!!
You grab the blizzard demon.
The blizzard demon is severely wounded.
You constrict the blizzard demon.
The Orb Guardian hits you but does no damage.
You block the blizzard demon's attack. The blizzard demon closely misses you.
You stick the blizzard demon like a pincushion!!!
You kill the blizzard demon!
Okawaru accepts your kill.
The Orb Guardian hits you but does no damage.
You block the Orb Guardian's attack.
You impale the Orb Guardian!!
The Orb Guardian is heavily wounded.
You block the Orb Guardian's attack.
You hit the Orb Guardian but do no damage.
The Orb Guardian is heavily wounded.
You block the Orb Guardian's attack.
You perforate the Orb Guardian like a sieve!!!
You kill the Orb Guardian!
Okawaru accepts your kill. Okawaru grants you throwing weapons!
Something appears before you!
Things that are here:
a +0 leather armour; a +0 dagger
V - 40 silver javelins (gained 2)
There is a stone staircase leading down here.
There is a stone staircase leading up here.
You climb upwards.
There is a stone staircase leading down here.
There is an open door here.
There is a staircase to the Ecumenical Temple here.
There is an open door here.
You see here a +0 hand axe.
Items here: ( ))).
There is an open door here.
You see here a +0 robe.
You see here a +0 great mace.
There is an escape hatch in the ceiling here.
A mysterious force pulls you upwards. The hatch slams shut behind you.
There is a stone staircase leading up here.
You climb upwards.
There is a stone staircase leading down here.
There is a stone staircase leading up here.
You climb upwards.
There is a stone staircase leading down here.
There is an open door here.
There is a staircase leading out of the dungeon here.
Enter note: gg You have escaped!

.###.## ##...###.###...##..# #...
......###....##..##...####.###.##
.#.###.#......#......## #.....#
...####....####.....## ###.####
.###.####.## #....## #....#
......###.# #.....## ####.#
.#.....##.# #......###### #.#
..........# #...........# #.#
##.....#### #.@....###..# #.#
##...## #......# #..#####.# ##.##
###'#### #.....##.. #.#
#.######......... ####.#
#.##.........##.. .....##########
#>####....#####.. ####..........#
#### #....# #.. #.########## #.#
#....#####.. #.# #.# #.#.###.....


There were no monsters in sight!

Vanquished Creatures
  2 dread liches (Zot:5)
  7 ancient liches
  2 orbs of fire (Zot:5)
  Mara (Shoals:4)
  A royal mummy (Arena)
  Vv (Zot:1)
  3 Killer Klowns
  Bai Suzhen (Spider:4)
  Saint Roka (Arena)
  4 curse toes
  A caustic shrike (Depths:3)
  Xtahua (Arena)
  18 golden dragons
  A bone dragon (Depths:4)
  Arachne (Spider:2)
  2 Ice Fiends
  Zenata (Arena)
  A pandemonium lord (Arena)
  24 tentacled monstrosities
  A Hell Sentinel (Zot:3)
  6 electric golems
  A walking crystal tome (Arena)
  4 titans
  30 Orb Guardians
  2 walking frostbound tomes (Depths:3)
  8 liches
  Mlioglotl (Shoals:3)
  9 quicksilver dragons
  7 sphinxes
  2 krakens
  Kirke (Lair:4)
  14 storm dragons
  Donald (Spider:2)
  19 death cobs
  10 shadow dragons
  7 draconian monks
  7 tengu reavers
  Aizul (Shoals:3)
  4 draconian knights
  18 frost giants
  A daeva (Shoals:4)
  An iron dragon (Vaults:5)
  12 fire giants
  8 ghost moths
  An imperial myrmidon (Desolation)
  The ghost of Cerphufev the Dancer, an adept VSFi of Uskayaw (Spider:4)
  9 draconian scorchers
  3 deep elf sorcerers
  5 emperor scorpions
  15 vault wardens
  4 spectral caustic shrikes (Depths:3)
  2 orc warlords
  3 draconian shifters (Zot:3)
  5 draconian annihilators
  20 ironbound preservers
  36 very ugly things
  A juggernaut zombie (WizLab)
  A demonspawn corrupter (Arena)
  8 ironbound thunderhulks
  4 draconian stormcallers
  A spriggan defender (Depths:2)
  A cacodemon (D:6)
  A demonspawn blood saint (Depths:3)
  A reaper (Depths:3)
  3 war gargoyles
  4 broodmothers
  21 stone giants
  The ghost of WhatIsLove the Warrior, a journeyman DjFE of Makhleb (Lair:2)
  9 green draconians
  2 vampire knights
  2 halazid warlocks
  2 minotaurs (Gauntlet)
  5 formless jellyfish
  3 dire elephants
  7 yellow draconians
  16 black draconians
  2 deep elf annihilators (Vaults:5)
  9 white draconians
  9 spark wasps
  10 purple draconians
  11 red draconians
  2 deep elf death magi (Vaults:5)
  2 blizzard demons
  17 ettins
  6 crystal guardians
  Josephine (D:15)
  14 merfolk impalers
  7 ragged hierophants (Desolation)
  7 entropy weavers
  7 merfolk javelineers
  13 yaktaur captains
  7 fire dragons
  2 deep elf high priests
  6 jiangshi
  A mummy priest (WizLab)
  8 great orbs of eyes
  3 hydras
  An entropy weaver (shapeshifter) (D:14)
  9 ice dragons
  14 peacekeepers
  29 vault guards
  The ghost of PaleRider the Frost Mage, a journeyman DgIE (Lair:2)
  12 ironbound frosthearts
  6 servants of whispers (Desolation)
  4 rakshasas
  2 merfolk avatars (Shoals:2)
  2 catoblepae
  An anaconda (shapeshifter) (Depths:3)
  A radroach (Spider:3)
  4 satyrs
  A hell beast (D:7)
  5 merfolk aquamancers
  The ghost of Atzyddad the Placeless Elf, a journeyman DESh of Vehumet (Lair:2)
  A boulder beetle (shapeshifter) (Vaults:5)
  16 centaur warriors
  4 deep troll shamans
  7 boulder beetles
  2 death scarabs (Gauntlet)
  29 death yaks
  6 demonic crawlers
  3 two-headed ogres
  5 tengu warriors
  4 deep troll earth magi
  3 vampire magi
  A holy swine (Shoals:3)
  An orc high priest (Orc:2)
  11 hell knights
  3 spriggan berserkers
  2 sun demons
  A shock serpent (shapeshifter) (Depths:3)
  A storm dragon zombie (WizLab)
  4 soul eaters
  A fire crab (Lair:4)
  4 skeletal warriors (D:15)
  8 iron trolls
  Sonja (Orc:1)
  A fire crab (shapeshifter) (Lair:3)
  3 skysharks
  2 sun moths (Spider:3)
  A spectral death yak (Lair:5)
  A glowing orange brain (shapeshifter) (Depths:3)
  4 pharaoh ants
  3 cherubim (Shoals:4)
  A spectral anaconda (Lair:5)
  13 sea snakes
  9 orb spiders
  7 glowing orange brains
  56 deep trolls
  21 ironbound convokers
  6 phantasmal warriors
  A swamp dragon (Zot:1)
  11 wizards
  Pikel (D:7)
  4 steelbarb worms
  4 lindwurms
  14 harpies
  2 deep elf pyromancers
  A deep elf zephyrmancer (Orc:1)
  2 tengu zombies (WizLab)
  8 orc knights
  A salamander (Depths:4)
  5 necromancers
  41 ugly things
  A cyclops (shapeshifter) (Depths:3)
  5 orc sorcerers
  13 cyclopes
  17 fauns
  A frost giant zombie (WizLab)
  A salamander (shapeshifter) (D:15)
  A manticore (shapeshifter) (Vaults:5)
  A worldbinder (Gauntlet)
  19 wolf spiders
  10 manticores
  34 moths of wrath
  A moth of wrath (shapeshifter) (Depths:3)
  9 merfolk sirens
  A guardian serpent (Vaults:3)
  A black mamba (Lair:2)
  4 water nymphs
  A demonspawn zombie (WizLab)
  2 dire elephant zombies (Lair:5)
  33 elephants
  13 vault sentinels
  7 torpor snails
  A molten gargoyle (Desolation)
  A smoke demon (Depths:4)
  3 gargoyles
  2 hellions
  An orange demon (D:6)
  Maggie (D:7)
  A human zombie (WizLab)
  2 minotaur zombies (Gauntlet)
  12 cane toads
  A spriggan zombie (WizLab)
  2 unseen horrors
  3 cane toads (shapeshifter)
  2 rime drakes
  A freezing wraith (D:14)
  7 komodo dragons
  47 yaktaurs
  7 efreet
  A kobold demonologist (D:12)
  An ice devil (Depths:1)
  A tormentor (Depths:2)
  2 guardian mummies (WizLab)
  3 tengu conjurers
  37 merfolk
  A queen bee (shapeshifter) (Depths:2)
  10 meliai
  A polar bear (shapeshifter) (D:13)
  A merfolk (shapeshifter) (Volcano)
  2 red devils
  8 trolls
  49 saltlings
  29 tarantellas
  3 hellwings
  7 hornets
  A queen bee (Spider:2)
  5 polar bears
  A meliai (shapeshifter) (Depths:3)
  A spectral elephant (Lair:5)
  Grinder (D:4)
  7 wind drakes
  A hornet (shapeshifter) (Depths:3)
  An ice dragon zombie (WizLab)
  26 dream sheep
  18 blink frogs
  3 ettin zombies (WizLab)
  A spectral dream sheep (Gauntlet)
  20 slime creatures
  2 dream sheep (shapeshifter)
  7 snapping turtles
  24 jumping spiders
  A snapping turtle (shapeshifter) (Depths:3)
  A spectral black mamba (Gauntlet)
  A ynoxinul (Depths:1)
  15 culicivoras
  6 shadows
  4 wyverns
  A culicivora (shapeshifter) (D:14)
  6 water elementals
  An elf zombie (WizLab)
  2 slime creatures (shapeshifter)
  2 spriggans
  3 hogs (Lair:4)
  A yak (shapeshifter) (Depths:3)
  A vampire (D:14)
  8 wraiths
  A basilisk (shapeshifter) (D:14)
  51 yaks
  8 basilisks
  A spectral komodo dragon (Gauntlet)
  4 fire bats (Volcano)
  2 dire elephant simulacra
  A golden eye (shapeshifter) (Depths:3)
  7 humans (D:11)
  11 vampire mosquitoes
  A neqoxec (Depths:1)
  51 redbacks
  A chaos spawn (Depths:1)
  3 death yak simulacra (Lair:5)
  2 redbacks (shapeshifter) (Depths:3)
  A glowing shapeshifter zombie (WizLab)
  5 wargs
  A swamp worm (shapeshifter) (Depths:3)
  2 spectral cane toads (Lair:5)
  3 acid dragons
  9 water moccasins
  A floating eye (Depths:3)
  Duvessa (D:4)
  25 orc warriors
  A sky beast (D:7)
  2 swamp drakes
  2 black bears
  A floating eye (shapeshifter) (Vaults:5)
  3 ice beasts
  A spectral torpor snail (Gauntlet)
  11 ogres
  An elephant zombie (Lair:5)
  13 wolves
  8 boggarts
  11 centaurs
  2 elephant skeletons (Lair:5)
  A phantom (D:6)
  2 lemures (D:7)
  3 kobold brigands
  20 bullfrogs
  2 scorpions (D:7)
  4 water moccasin zombies (Ossuary)
  A gnoll sergeant (D:12)
  9 wights (D:8)
  A hornet simulacrum (D:15)
  Dowan (D:4)
  An elephant simulacrum (Lair:5)
  19 killer bees
  4 electric eels
  2 howler monkeys (D:7)
  A crimson imp (Orc:1)
  4 lava snakes (Volcano)
  15 jellies
  18 orc priests
  3 hounds
  Crazy Yiuf (D:3)
  An iron imp (Orc:1)
  Natasha (thrice) (D:2)
  Terence (D:2)
  5 iguanas
  24 orc wizards
  6 hell rats (Lair:4)
  2 wolf simulacra (IceCv)
  2 mummies (Ossuary)
  Robin (D:3)
  6 gnolls
  9 adders
  2 shadow imps
  5 white imps
  An ufetubus (D:4)
  5 adder zombies (Ossuary)
  3 worms
  A dart slug (D:1)
  79 orcs
  21 endoplasms
  3 giant cockroaches
  4 gnoll zombies (Ossuary)
  14 goblins
  7 hobgoblins
  8 jackals
  15 kobolds
  2 quokkas
  4 ball pythons
  6 bats
  3 frilled lizards
  4 hobgoblin zombies (Ossuary)
  4 kobold zombies (Ossuary)
  3 orc zombies (Ossuary)
  7 rats
  8 tentacles
2249 creatures vanquished.

Vanquished Creatures (others)
  An eldritch tentacle (Zot:5)
  2 fire giants
  A draconian knight (Zot:2)
  A ghost moth (Zot:5)
  A two-headed ogre (Zot:1)
  An orb spider (Spider:4)
  A harpy (Vaults:4)
  2 moths of wrath (Zot:1)
  2 saltlings (Desolation)
  An ogre (Zot:1)
  An orc wizard (D:5)
  A white imp (Orc:1)
  5 orcs
  29 tentacles
49 creatures vanquished.

Grand Total: 2298 creatures vanquished

Notes
Turn   | Place    | Note
-------+----------+-------------------------------------------
     0 | D:1      | Flugkiller the Naga Wanderer began the quest for the Orb.
     0 | D:1      | Flugkiller set off with the following items: a +0 dagger, a
                  | scroll of fog, a potion of lignification, a +0 robe, a +2
                  | buckler; and the following spell memorised: Sting; and the
                  | following spells available to memorise: Ignite Poison.
     0 | D:1      | Reached XP level 1. HP: 19/19 MP: 2/2
    80 | D:1      | Reached skill level 1 in Poison Magic
   175 | D:1      | Reached XP level 2. HP: 26/26 MP: 0/3
   827 | D:2      | Found the +7 Kryia's mail coat {PotionHeal*2 rC+}
   957 | D:2      | Reached XP level 3. HP: 28/32 MP: 1/4
  1133 | D:2      | Noticed Natasha
  1139 | D:2      | Killed Natasha
  1140 | D:2      | Reached skill level 1 in Polearms
  1140 | D:2      | Reached XP level 4. HP: 35/39 MP: 5/5
  1295 | D:2      | Noticed Natasha
  1306 | D:2      | Killed Natasha
  1436 | D:2      | Noticed Terence
  1436 | D:2      | Noticed Natasha
  1447 | D:2      | Killed Natasha
  1448 | D:2      | Reached skill level 1 in Armour
  1448 | D:2      | Reached XP level 5. HP: 46/46 MP: 6/6
  1455 | D:2      | Killed Terence
  2031 | D:3      | Noticed Robin
  2036 | D:3      | Killed Robin
  2067 | D:3      | Found a runed translucent door.
  2068 | D:3      | Noticed Crazy Yiuf
  2084 | D:3      | Found a blossoming altar of Fedhas.
  2111 | D:3      | Found a faded altar of an unknown god.
  2159 | D:3      | Found Wukaut's Book Emporium.
  2349 | D:3      | Found a bloodstained altar of Trog.
  2355 | D:3      | Got a ragged book
  2541 | D:4      | Reached XP level 6. HP: 56/56 MP: 7/7
  2807 | D:4      | Found a staircase to the Ecumenical Temple.
  2812 | Temple   | Entered the Ecumenical Temple
  2825 | Temple   | Became a worshipper of Warmaster Okawaru
  2914 | D:4      | Noticed Grinder
  2967 | D:4      | Killed Grinder
  2967 | D:4      | Reached * piety under Okawaru
  2968 | D:4      | Reached skill level 1 in Invocations
  2968 | D:4      | Reached XP level 7. HP: 58/63 MP: 8/8
  3057 | D:4      | Noticed Dowan
  3057 | D:4      | Noticed Duvessa
  3073 | D:4      | Killed Duvessa
  3083 | D:4      | Killed Dowan
  3233 | D:5      | Entered Level 5 of the Dungeon
  3374 | D:5      | Found a large runed translucent door.
  3374 | D:5      | Found a large runed translucent door.
  3378 | D:5      | Found a shimmering altar of Xom.
  3422 | D:5      | Found a radiant altar of Vehumet.
  3423 | D:5      | Found a broken altar of Ashenzari.
  3425 | D:5      | Found a basalt altar of Yredelemnul.
  3427 | D:5      | Found a shimmering altar of Xom.
  3448 | D:5      | You fall into a shaft and drop 1 floor!
  3502 | D:5      | Reached XP level 8. HP: 54/73 MP: 10/10
  3570 | D:5      | Identified the +2 rapier "Leviticus" {chaos, rPois Int-5
                  | Dex+7}
  3607 | D:5      | Found a hazy altar of Hepliaklqana.
  3610 | D:5      | Found a stormy altar of Qazlal.
  4226 | D:6      | Reached skill level 5 in Fighting
  4260 | D:6      | Reached skill level 5 in Polearms
  4332 | D:6      | Reached ** piety under Okawaru
  4449 | D:6      | Noticed a yak
  4737 | D:6      | Reached skill level 5 in Armour
  4854 | D:6      | Noticed a yak
  4854 | D:6      | Noticed a yak
  4855 | D:6      | Noticed a yak
  4855 | D:6      | Noticed a yak
  4875 | D:6      | Killed a yak
  4876 | D:6      | Reached XP level 9. HP: 81/81 MP: 11/11
  5014 | D:6      | Reached *** piety under Okawaru
  5030 | D:6      | Reached skill level 5 in Invocations
  5509 | D:7      | Noticed Pikel
  5546 | D:7      | Killed Pikel
  5546 | D:7      | Reached **** piety under Okawaru
  5547 | D:7      | Reached XP level 10. HP: 66/94 MP: 14/14
  5742 | D:7      | Noticed Maggie
  5766 | D:7      | Killed Maggie
  6250 | D:8      | Noticed an unseen horror
  6262 | D:8      | Killed an unseen horror
  6386 | D:8      | Found a sparkling altar of Nemelex Xobeh.
  6386 | D:8      | Found a shadowy altar of Dithmenos.
  6424 | D:8      | Found a sand-covered staircase.
  6431 | Ossuary  | Entered an ossuary
  6508 | Ossuary  | Reached skill level 5 in Evocations
  7119 | D:8      | Reached ***** piety under Okawaru
  7355 | D:8      | Reached XP level 11. HP: 26/97 MP: 16/16
  8096 | D:9      | Found a staircase to the Orcish Mines.
  8354 | D:9      | Identified the +5 chain mail of Courage {rF+ rC- Dex+3}
  8374 | D:9      | Found a white marble altar of Elyvilon.
  8374 | D:9      | Found a glowing golden altar of the Shining One.
  8374 | D:9      | Found a glowing silver altar of Zin.
  8920 | D:10     | Entered Level 10 of the Dungeon
  9575 | D:11     | Noticed a cyclops
  9602 | D:11     | Killed a cyclops
  9631 | D:11     | Noticed a death yak
  9672 | D:11     | Killed a death yak
  9677 | D:11     | Noticed a boulder beetle
  9708 | D:11     | Killed a boulder beetle
  9708 | D:11     | Received a gift from Okawaru
  9709 | D:11     | Reached skill level 10 in Polearms
  9905 | D:11     | Noticed a death yak
  9907 | D:11     | Found a staircase to the Lair.
  9907 | D:11     | Noticed a death yak
  9907 | D:11     | Noticed a death yak
  9907 | D:11     | Noticed a death yak
  9909 | D:11     | Noticed a death yak
  9910 | D:11     | Gained mutation: You occasionally shout uncontrollably at
                  | your foes. [potion of mutation]
  9910 | D:11     | Gained mutation: You are partially covered in iridescent
                  | scales. (AC +2) [potion of mutation]
  9910 | D:11     | Gained mutation: Your muscles are strong. (Str +4, Int/Dex
                  | -1) [potion of mutation]
  9910 | D:11     | Gained mutation: You are agile. (Dex +4, Str/Int -1)
                  | [potion of mutation]
  9925 | D:11     | Killed a death yak
  9926 | D:11     | Reached skill level 10 in Fighting
  9935 | D:11     | Noticed a death yak
  9948 | D:11     | Killed a death yak
 10120 | D:11     | Killed a death yak
 10120 | D:11     | Received a gift from Okawaru
 10121 | D:11     | Reached XP level 12. HP: 73/116 MP: 18/18
 10275 | D:11     | Killed a death yak
 10444 | D:11     | Noticed a death yak
 10484 | D:10     | Killed a death yak
 10521 | D:10     | Killed a death yak
 10768 | D:11     | Killed a death yak
 10891 | D:11     | Noticed a death yak
 10891 | D:11     | Noticed a death yak
 10891 | D:11     | Noticed a death yak
 10891 | D:11     | Noticed a death yak
 10891 | D:11     | Noticed a death yak
 10891 | D:11     | Noticed a death yak
 10891 | D:11     | Noticed a death yak
 10988 | D:11     | Noticed a boulder beetle
 11024 | D:11     | Killed a boulder beetle
 11277 | D:11     | Noticed a death yak
 11277 | D:11     | Noticed a death yak
 11278 | D:11     | Noticed a death yak
 11281 | D:11     | Noticed a death yak
 11282 | D:11     | Noticed a death yak
 11283 | D:11     | Noticed a death yak
 11443 | D:10     | Killed a death yak
 11443 | D:10     | Reached ****** piety under Okawaru
 11604 | D:10     | Acquired a +2 barding of fire resistance
 11604 | D:10     | Received a gift from Okawaru
 11611 | D:10     | Acquired a +1 demon trident of venom
 11611 | D:10     | Received a gift from Okawaru
 11686 | D:11     | Killed a death yak
 11686 | D:11     | Received a gift from Okawaru
 11692 | D:11     | Killed a death yak
 11709 | D:11     | Killed a death yak
 11718 | D:11     | Killed a death yak
 11924 | D:11     | Killed a death yak
 11944 | D:11     | Killed a death yak
 11953 | D:11     | Killed a death yak
 11955 | D:11     | Killed a death yak
 11955 | D:11     | Received a gift from Okawaru
 11956 | D:11     | Gained mutation: You can use your snake-like lower body to
                  | constrict enemies. [Naga growth]
 11956 | D:11     | Reached XP level 13. HP: 82/123 MP: 19/19
 12325 | Lair:1   | Entered Level 1 of the Lair of Beasts
 12435 | Lair:1   | Received a gift from Okawaru
 12681 | Lair:1   | You fall into a shaft and drop 1 floor!
 13309 | Lair:2   | Received a gift from Okawaru
 14063 | Lair:2   | Found a hole to the Spider Nest.
 14133 | Lair:2   | Found a runed translucent gate.
 14134 | Lair:2   | Found a runed translucent gate.
 14136 | Lair:2   | Found a runed translucent gate.
 14137 | Lair:2   | Noticed WhatIsLove's ghost (journeyman DjFE)
 14137 | Lair:2   | Noticed PaleRider's ghost (journeyman DgIE)
 14137 | Lair:2   | Noticed Atzyddad's ghost (journeyman DESh)
 14212 | Lair:2   | Reached XP level 14. HP: 138/138 MP: 20/20
 14708 | Lair:3   | Received a gift from Okawaru
 14816 | Lair:3   | Reached skill level 10 in Armour
 15284 | Lair:3   | Received a gift from Okawaru
 15669 | Lair:3   | Reached skill level 1 in Throwing
 16104 | Lair:3   | Found a staircase to the Shoals.
 16347 | Lair:4   | Received a gift from Okawaru
 16356 | Lair:4   | Found a staircase to the Slime Pits.
 16361 | Lair:4   | Found a viscous altar of Jiyva.
 16406 | Lair:4   | Noticed Kirke
 16429 | Lair:4   | Killed Kirke
 16430 | Lair:4   | Reached skill level 5 in Throwing
 17120 | Lair:5   | Entered Level 5 of the Lair of Beasts
 17209 | Lair:5   | Received a gift from Okawaru
 17233 | Lair:5   | Found a dark tunnel.
 17239 | Volcano  | Entered a volcano
 17406 | Volcano  | Found a bloodstained altar of Trog.
 17412 | Volcano  | Reached XP level 15. HP: 125/144 MP: 21/21
 18218 | Lair:5   | Received a gift from Okawaru
 18552 | Lair:5   | Reached skill level 10 in Throwing
 18679 | Lair:5   | Identified the +0 scale mail of the Ageless Queens {rElec
                  | Int+3}
 19041 | Lair:5   | Received a gift from Okawaru
 19638 | D:12     | Found a frozen archway.
 19717 | IceCv    | Entered an ice cave
 19741 | IceCv    | Found a transporter.
 19753 | IceCv    | Found a transporter.
 20728 | D:13     | Found a gate leading to a gauntlet.
 20739 | Gauntlet | Entered a Gauntlet
 20739 | Gauntlet | Found a transporter.
 20747 | Gauntlet | Found a transporter.
 20749 | Gauntlet | Found a transporter.
 20757 | Gauntlet | Found a runed translucent gate.
 20757 | Gauntlet | Found a runed translucent gate.
 20757 | Gauntlet | Found a runed translucent gate.
 20759 | Gauntlet | Found a transporter.
 20762 | Gauntlet | Found a transporter.
 20770 | Gauntlet | Noticed a balrug
 20771 | Gauntlet | Found a transporter.
 20787 | Gauntlet | Found a transporter.
 20797 | Gauntlet | Found a transporter.
 20811 | Gauntlet | Found a transporter.
 20823 | Gauntlet | Found a transporter.
 20838 | Gauntlet | Found a transporter.
 20838 | Gauntlet | Found a transporter.
 20872 | Gauntlet | Found a runed translucent door.
 20876 | Gauntlet | Found a runed translucent door.
 20878 | Gauntlet | Found a transporter.
 20892 | Gauntlet | Found a transporter.
 21002 | Gauntlet | Identified the +1 pair of gloves of Sif Muna's Approval
                  | {*Slow rF+ rCorr}
 21023 | Gauntlet | Received a gift from Okawaru
 21094 | Gauntlet | Identified the ring of Mirth {rN+ Will+ Int-5 SInv}
 21189 | Gauntlet | Identified the +7 mace "Masaf" {drain, rElec rF+ rN+
                  | Stlth-}
 21810 | D:14     | Found Ytuikh's Demolitions Depot.
 21889 | D:14     | Found a gate to the Vaults.
 21893 | D:14     | Received a gift from Okawaru
 22006 | D:14     | Reached XP level 16. HP: 14/154 MP: 22/22
 22553 | D:14     | Found a basalt altar of Yredelemnul.
 22939 | D:14     | Received a gift from Okawaru
 23227 | Arena    | Entered the Arena
 23447 | D:14     | Identified the +1 robe of Defixz Rokh {Str+2 Stlth+}
 23451 | D:14     | Got an antique book
 23455 | D:14     | Identified the ring of Egryi {rElec Will+ Int+5}
 23709 | D:15     | Entered Level 15 of the Dungeon
 23867 | D:15     | Noticed Josephine
 23882 | D:15     | Killed Josephine
 23883 | D:15     | Reached skill level 10 in Invocations
 24519 | D:15     | Found a broken altar of Ashenzari.
 25072 | D:15     | Received a gift from Okawaru
 25095 | D:15     | Found a staircase to the Depths.
 25544 | Orc:1    | Entered Level 1 of the Orcish Mines
 25769 | Orc:2    | Entered Level 2 of the Orcish Mines
 26229 | Orc:2    | Found a staircase to the Elven Halls.
 26384 | Orc:2    | Found Jokkivah's Book Shop.
 26406 | Orc:2    | Found Zirhitof's Antique Weapon Shop.
 26451 | Orc:2    | Found Duxal's Antique Armour Shop.
 26467 | Orc:2    | Found Ydghuacs's General Store.
 26474 | Orc:2    | Bought a scroll of fear for 72 gold pieces
 26474 | Orc:2    | Bought a scroll of identify for 36 gold pieces
 26474 | Orc:2    | Identified a scroll of acquirement
 26912 | Orc:1    | Noticed Sonja
 26939 | Orc:1    | Killed Sonja
 27133 | Orc:1    | Found a runed translucent door.
 27302 | Orc:1    | Acquired the +1 helmet of Lyenaky {rF+ Str+2 Int+2}
 27522 | Spider:1 | Entered Level 1 of the Spider Nest
 27543 | Spider:1 | Received a gift from Okawaru
 27622 | Spider:1 | Reached XP level 17. HP: 134/166 MP: 23/25
 27655 | Arena    | Entered the Arena
 29090 | Spider:2 | Received a gift from Okawaru
 29284 | Spider:2 | Noticed Donald
 29302 | Spider:2 | Killed Donald
 29312 | Spider:2 | Noticed Arachne
 29510 | Spider:2 | Killed Arachne
 29687 | Spider:2 | Identified the +1 ring mail of Resilience {rC+++ Will++
                  | Int-2}
 30327 | D:3      | Bought a manual of Shields for 1040 gold pieces
 30361 | D:3      | Killed Crazy Yiuf
 30852 | Spider:3 | Reached skill level 15 in Throwing
 30860 | Spider:3 | Reached skill level 5 in Shields
 30927 | Spider:3 | Received a gift from Okawaru
 32016 | Spider:4 | Entered Level 4 of the Spider Nest
 32153 | Spider:4 | Received a gift from Okawaru
 32236 | Spider:4 | Reached XP level 18. HP: 175/175 MP: 27/27
 32427 | Spider:4 | Reached skill level 10 in Shields
 32429 | Spider:4 | Found a runed translucent gate.
 32429 | Spider:4 | Found a runed translucent gate.
 32429 | Spider:4 | Found a runed translucent gate.
 32429 | Spider:4 | Noticed Cerphufev's ghost (adept VSFi)
 32669 | Spider:4 | Noticed Bai Suzhen
 32691 | Spider:4 | Killed Bai Suzhen
 33707 | Spider:4 | Received a gift from Okawaru
 33824 | Spider:4 | Got a gossamer rune of Zot
 33936 | Spider:4 | Killed Cerphufev's ghost
 34114 | Shoals:1 | Entered Level 1 of the Shoals
 35188 | Shoals:2 | Reached XP level 19. HP: 161/182 MP: 28/28
 35425 | Shoals:2 | Received a gift from Okawaru
 36464 | Shoals:3 | Reached skill level 15 in Fighting
 36483 | Arena    | Entered the Arena
 36739 | Shoals:3 | Received a gift from Okawaru
 36769 | Shoals:3 | Reached XP level 20. HP: 186/194 MP: 29/29
 37160 | Shoals:4 | Entered Level 4 of the Shoals
 37175 | Shoals:4 | Noticed Mlioglotl
 37196 | Shoals:3 | Killed Mlioglotl
 37410 | Shoals:4 | Noticed Aizul
 37631 | Shoals:3 | Killed Aizul
 37860 | Shoals:4 | Noticed Mara
 38121 | Shoals:4 | Identified the +2 leather armour "Ipurac" {rC+}
 38126 | Shoals:4 | Identified the +0 leather armour of the Eternal Void
                  | {Contam Rampage Int+3 Stlth+}
 38488 | Shoals:4 | Received a gift from Okawaru
 39071 | Shoals:4 | Noticed Flugkiller's illusion
 39247 | Shoals:4 | Noticed Flugkiller's illusion
 39261 | Shoals:4 | Killed Mara
 39593 | Shoals:4 | Found a glowing silver altar of Zin.
 39606 | Shoals:4 | Got a barnacled rune of Zot
 39741 | Shoals:4 | Found a white marble altar of Elyvilon.
 39815 | Shoals:4 | Found a glowing golden altar of the Shining One.
 40124 | Vaults:1 | Entered Level 1 of the Vaults
 40235 | Vaults:1 | Found a magical portal.
 40253 | WizLab   | Entered Doroklohe's Tomb
 40476 | WizLab   | Noticed a royal mummy
 40488 | Arena    | Entered the Arena
 40500 | Arena    | Killed a royal mummy
 40950 | WizLab   | Received a gift from Okawaru
 41014 | WizLab   | Identified the +1 chain mail of the New World {Will+ SInv}
 41655 | Vaults:1 | Reached skill level 15 in Armour
 41752 | Vaults:1 | Reached XP level 21. HP: 81/212 MP: 23/30
 41759 | Vaults:1 | Received a gift from Okawaru
 42268 | Vaults:2 | Identified the +0 robe of Midsummer {rF++}
 42359 | Vaults:2 | Reached skill level 1 in Dodging
 42511 | Vaults:2 | Found Nauclut's General Store.
 42561 | Vaults:2 | Received a gift from Okawaru
 42740 | Vaults:2 | Reached skill level 5 in Dodging
 43246 | Vaults:3 | Found a staircase to the Crypt.
 43287 | Vaults:3 | Found Taxeyvall's Armour Boutique.
 43325 | Vaults:3 | Noticed Xtahua
 43329 | Vaults:3 | Paralysed by Xtahua for 3 turns
 43333 | Arena    | Entered the Arena
 43336 | Arena    | Killed Xtahua
 43389 | Vaults:3 | Received a gift from Okawaru
 43425 | Vaults:3 | Found a crumbling gateway.
 43436 | Desolati | Entered the Desolation of Salt
 43477 | Desolati | Identified the +11 arbalest of Voomikih {flame, SInv}
 43496 | Arena    | Entered the Arena
 43581 | Desolati | Found the sphere of Battle
 43603 | Desolati | Identified the staff of the Exiled Planets {Fragile Fly
                  | rPois Int+2 Poison}
 43790 | Desolati | Received a gift from Okawaru
 43856 | Desolati | Reached XP level 22. HP: 142/220 MP: 31/31
 43989 | Desolati | Reached skill level 10 in Dodging
 44020 | Desolati | Identified the ring "Yvag" {rN+ AC+4}
 44022 | Desolati | Identified the +1 buckler "Zal Iting" {rN+}
 44027 | Desolati | Got an unusual book
 44035 | Desolati | Identified the +2 dagger "Jacimn" {venom, Str+4 Int-4}
 44296 | Vaults:3 | Paralysed by a formless jellyfish for 1 turns
 44317 | Vaults:3 | Paralysed by a formless jellyfish for 1 turns
 44636 | Vaults:3 | Received a gift from Okawaru
 45117 | Vaults:4 | Paralysed by a formless jellyfish for 1 turns
 45227 | Vaults:4 | Received a gift from Okawaru
 45617 | Vaults:4 | Noticed Zenata
 45632 | Arena    | Entered the Arena
 45641 | Arena    | Killed Zenata
 45950 | Vaults:4 | Received a gift from Okawaru
 46335 | Vaults:4 | Found a portal to a secret trove of treasure.
 46556 | Depths:1 | Entered Level 1 of the Depths
 46603 | Depths:1 | Reached XP level 23. HP: 228/228 MP: 32/32
 46710 | Depths:1 | Reached skill level 15 in Shields
 46736 | Depths:1 | Found a gateway to Hell.
 46785 | Depths:1 | Found a one-way gate leading to the halls of Pandemonium.
 46952 | Depths:1 | Noticed Saint Roka
 46957 | Arena    | Entered the Arena
 46963 | Arena    | Killed Saint Roka
 47040 | Depths:1 | Found a bloodstained altar of Trog.
 47049 | Depths:1 | Identified the +1 morningstar of Foolhardiness {drain,
                  | rN++}
 47864 | Depths:2 | Found a hide-covered altar of Uskayaw.
 48315 | Depths:2 | Received a gift from Okawaru
 48669 | Depths:3 | Paralysed by a floating eye for 4 turns
 48798 | Depths:3 | Found a one-way gateway to a ziggurat.
 48812 | Depths:3 | Found a one-way gate to the infinite horrors of the Abyss.
 49036 | Depths:3 | Noticed a caustic shrike
 49042 | Depths:3 | Killed a caustic shrike
 49108 | Depths:3 | Received a gift from Okawaru
 49399 | Depths:3 | Identified the +10 battleaxe "Viesso" {flame, Int+4}
 49626 | Depths:3 | Identified the +3 plate armour of the Kitsune {rC+}
 50182 | Depths:4 | Entered Level 4 of the Depths
 50233 | Depths:4 | Reached XP level 24. HP: 230/236 MP: 32/32
 50254 | Depths:4 | Received a gift from Okawaru
 50258 | Depths:4 | Reached skill level 15 in Dodging
 50328 | Depths:4 | Found a gate to the Realm of Zot.
 50845 | Depths:4 | Paralysed by a sphinx for 2 turns
 50847 | Depths:4 | Received a gift from Okawaru
 50858 | Arena    | Entered the Arena
 51557 | Depths:4 | Found Kenoagory's Armour Shoppe.
 51560 | Depths:4 | Bought the +10 tower shield of Ignorance {rN+ Int-4} for
                  | 1146 gold pieces
 51560 | Depths:4 | Found the +10 tower shield of Ignorance {rN+ Int-4}
 51701 | Depths:4 | Received a gift from Okawaru
 51795 | Depths:4 | Identified the +5 demon trident of Meaje {pain, rN+ Int+3}
 52206 | Vaults:5 | Entered Level 5 of the Vaults
 52441 | Vaults:5 | Identified the +1 leather armour of the Albatross {Rampage
                  | rElec rC- rN++}
 52544 | Vaults:5 | Identified the +6 scimitar "Dadghen" {vamp, +Blink rPois
                  | Str+2 Dex+4}
 52557 | Vaults:5 | Received a gift from Okawaru
 52675 | Arena    | Entered the Arena
 52914 | Vaults:5 | Reached XP level 25. HP: 218/252 MP: 32/32
 53361 | Vaults:5 | Received a gift from Okawaru
 53687 | Vaults:5 | Got a silver rune of Zot
 54596 | Lair:2   | Killed WhatIsLove's ghost
 54601 | Lair:2   | Killed PaleRider's ghost
 54601 | Lair:2   | Received a gift from Okawaru
 54605 | Lair:2   | Killed Atzyddad's ghost
 54920 | Zot:1    | Entered Level 1 of the Realm of Zot
 54924 | Zot:1    | Noticed Vv
 54942 | Zot:1    | Killed Vv
 55222 | Zot:1    | Identified the +4 spear "Geler" {heavy, Will+}
 55251 | Zot:1    | Identified the +5 hand axe "Olebil" {flame, *Noise rPois
                  | rF++ Str+3}
 55290 | Zot:1    | Identified the staff "Tik Ziry" {rPois rF+ rC+ Will+
                  | Poison}
 55760 | Zot:1    | Received a gift from Okawaru
 55919 | Zot:1    | Reached XP level 26. HP: 268/268 MP: 32/32
 56219 | Arena    | Entered the Arena
 56499 | Zot:1    | Received a gift from Okawaru
 57741 | Zot:3    | Received a gift from Okawaru
 58050 | Zot:3    | Noticed an ancient lich
 58050 | Zot:3    | Noticed a Killer Klown
 58069 | Zot:3    | Killed an ancient lich
 58086 | Zot:3    | Killed a Killer Klown
 58152 | Zot:3    | Received a gift from Okawaru
 58388 | Arena    | Entered the Arena
 58747 | Arena    | Entered the Arena
 59655 | Zot:4    | Reached XP level 27. HP: 245/277 MP: 33/33
 60655 | Zot:5    | Entered Level 5 of the Realm of Zot
 61615 | Zot:5    | Noticed an orb of fire
 61623 | Zot:5    | Noticed an ancient lich
 61625 | Zot:5    | Lost mutation: You are agile. (Dex +4, Str/Int -1) [an orb
                  | of fire]
 61626 | Zot:5    | Gained mutation: You are frail. (-10% HP) [an orb of fire]
 61631 | Zot:5    | Noticed an ancient lich
 61634 | Zot:5    | Killed an ancient lich
 61634 | Zot:5    | Received a gift from Okawaru
 61635 | Zot:5    | Noticed an orb of fire
 61636 | Zot:5    | Killed an orb of fire
 61640 | Zot:5    | Killed an orb of fire
 61640 | Zot:5    | Noticed an ancient lich
 61644 | Zot:5    | Killed an ancient lich
 61645 | Zot:5    | Killed an ancient lich
 61646 | Zot:5    | Noticed an ancient lich
 61649 | Zot:5    | Noticed an ancient lich
 61652 | Zot:5    | Killed an ancient lich
 61655 | Zot:5    | Killed an ancient lich
 61655 | Zot:5    | Received a gift from Okawaru
 61671 | Zot:5    | Noticed a dread lich
 61679 | Zot:5    | Noticed a dread lich
 61680 | Zot:5    | Killed a dread lich
 61687 | Zot:5    | Killed a dread lich
 61823 | Zot:5    | Noticed an ancient lich
 61833 | Zot:5    | Killed an ancient lich
 61974 | Zot:5    | Received a gift from Okawaru
 62329 | Zot:5    | Got the Orb of Zot
 62579 | Zot:1    | Noticed Roufoiph the pandemonium lord
 62664 | Arena    | Entered the Arena
 62690 | Arena    | Entered the Arena
 62757 | Depths:3 | Noticed a seraph
 62811 | Depths:1 | Noticed Pevetook the pandemonium lord
 63055 | D:6      | Noticed Ilig the pandemonium lord
 63057 | Arena    | Entered the Arena
 63065 | Arena    | Killed Ilig the pandemonium lord
 63085 | D:5      | Received a gift from Okawaru
 63162 | D:1      | gg
 63163 | D:$      | Escaped with the Orb!

Illustrated notes

.###.## ##...###.###...##..# #...
......###....##..##...####.###.##
.#.###.#......#......## #.....#
...####....####.....## ###.####
.###.####.## #....## #....#
......###.# #.....## ####.#
.#.....##.# #......###### #.#
..........# #...........# #.#
##.....#### #.@....###..# #.#
##...## #......# #..#####.# ##.##
###'#### #.....##.. #.#
#.######......... ####.#
#.##.........##.. .....##########
#>####....#####.. ####..........#
#### #....# #.. #.########## #.#
#....#####.. #.# #.# #.#.###.....


Turn 63162 on D:1: gg

Levels and vault maps discovered:
D:1:      elethiomel_arrival_shortcut, layout_loops_ring
D:2:      layout_loops_ring, uniq_natasha, uniq_terence
D:3:      layout_loops_cross, trog_book, fedhas_altar_3, serial_shops,
          nicolae_book_shop_shelving, ebering_ecumenical_altar_webs,
          uniq_crazy_yiuf_cottage, uniq_robin
D:4:      layout_basic, temple_doors_ab, uniq_grinder, uniq_duvessa
D:5:      due_chaos_kobolds, layout_basic, grunt_temple_overflow_open,
          minitemple
D:6:      layout_loops_ring, minmay_crystal_room
D:7:      layout_gridville, uniq_maggie, uniq_pikel
D:8:      layout_loops_ring, jmf_multi_god_temple, nicolae_ossuary_entry_ruins
D:9:      layout_loops_ring, good_gods_mini_temple, erik_orc_3,
          nrook_loot_triangle, minmay_misc_feat_rows, kennysheep_another_room
D:10:     layout_rooms
D:11:     slaughterhouse, layout_cave_pools, dpeg_lair_monsters, serial_park,
          serial_park_tiny_pond, serial_park_square1
          [serial_park_minivault_5x5_6], serial_park_square3
          [serial_park_minivault_5x5_6], serial_park_tiny_pond
D:12:     layout_loops_ring, portal_ice_cave_entry_pillars_1
D:13:     layout_roguey, gauntlet_entry_generic, minmay_between
D:14:     minmay_the_grid_3x3 [minmay_the_grid_zigzag_pyramid,
          minmay_the_grid_large_cup, minmay_the_grid_all_tris,
          minmay_the_grid_x, minmay_the_grid_paths, minmay_the_grid_mess,
          minmay_the_grid_tiny_cups, minmay_the_grid_gridbox,
          minmay_the_grid_prize_diamond_cup], layout_irregular_city,
          hellmonk_vaults_order_and_chaos, yredelemnul_altar_generic, drop_trap,
          nicolae_blasting_shop
D:15:     gammafunk_enter_depths_forms, layout_basic,
          nicolae_ashenzari_skybound, uniq_josephine
Temple:   hellmonk_temple_beads
Lair:1:   layout_roguey, serial_rivers, chequers_serial_rivers_small_b,
          chequers_serial_rivers_small_b, chequers_serial_rivers_marsh,
          chequers_serial_rivers_micro_b, chequers_serial_rivers_room_a,
          beast_lair_carwin_5
Lair:2:   lemuel_slime, layout_layer_cave, spider_nest_entry_rubble,
          gammafunk_ghost_cemetery, grunt_forest_large_clearing_hut,
          serial_bayou_shore_a, grunt_megastairs_3
Lair:3:   layout_roguey, minmay_shoals_entry_beasts, minmay_stone_trees_small,
          grunt_forest_stairs_clearing
Lair:4:   layout_loops_ring, nicolae_slime_entry_field_trip,
          infiniplex_staircase_pool, uniq_kirke
Lair:5:   due_jungle_book, layout_small_grid, enter_volcano_1
Shoals:1: layout_shoals, centaur_isle
Shoals:2: layout_shoals, nicolae_shoals_hunting_party
Shoals:3: cheibrodos_shoals_oceanic_diplomacy, layout_shoals, ldierk_geyser
Shoals:4: shoals_end_hellmonk_holy_island, uniq_mlioglotl, uniq_mara, uniq_aizul
Spider:1: layout_spider_delve, nicolae_spider_some_kinda_spiderbox
Spider:2: layout_spider_delve, nicolae_looking_at_the_future,
          hangedman_spider_tarantella_strand, uniq_donald, uniq_arachne
Spider:3: layout_spider_delve
Spider:4: spider_rune_water, ebering_ghost_rock_garden, uniq_bai_suzhen
Orc:1:    dreamdust_dug_too_deep, layout_caves, basic_altar,
          hangedman_minor_magic, uniq_sonja
Orc:2:    grunt_orc_cross, layout_caves
Vaults:1: infiniplex_enter_wizlab_glasses, hangedman_vaults_hat, v_pattern_4,
          nicolae_vaults_sealed_display, nicolae_vaults_storage_closets_2,
          nicolae_vaults_tetromino_L_2, v_misc_31, nicolae_vaults_angled_halls,
          v_misc_16, ontoclasm_vaults_chip,
          nicolae_vaults_offset_grid_hallway_3, ontoclasm_vaults_fault,
          ontoclasm_vaults_misaligned, nicolae_vaults_specimen_jars,
          layout_vaults_omnicross
Vaults:2: nicolae_vaults_offset_grid_hallway_2, nicolae_vaults_trapezoid_4,
          vaults_dpeg_encased_lava, nicolae_vaults_house_2,
          nicolae_vaults_offset_grid_hallway_4, ontoclasm_vaults_gateway,
          grunt_vaults_twisty, nicolae_vaults_shrinking_rooms_1,
          nicolae_vaults_tetromino_Z_2, nicolae_vaults_storage_closets_3,
          nicolae_vaults_stepped_doors, hangedman_vaults_snaps, v_misc_2,
          nicolae_vaults_little_squares_3, layout_vaults_maze, serial_shops,
          shop
Vaults:3: portal_desolation_entry_nicolae_nacl,
          vaults_standard_mumra_enter_the_diamond, v_misc_18,
          nicolae_vaults_spaceships, vaults_room_corners,
          layout_vaults_big_room, serial_shops, nicolae_shop_rolling_square,
          uniq_xtahua
Vaults:4: st_octagons_1, v_alt_pattern_2, nicolae_vaults_sightless_eye,
          hangedman_vaults_pinch, nicolae_vaults_oval_intersection,
          nicolae_vaults_double_plus_2, vaults_room_pool,
          nicolae_vaults_double_plus_1, nicolae_vaults_tetromino_Z_2,
          nicolae_vaults_doubleplus_tesselated, vaults_room_fours,
          ontoclasm_vaults_spin, layout_vaults_omnibox,
          nicolae_trove_entry_crystal, uniq_zenata
Vaults:5: serial_shops
Depths:1: layout_gridlike, serial_corexii_hall, corexii_hall_statues_i,
          corexii_hall_statues_u, grunt_pan_entry_in_and_out, hell_entry,
          kennysheep_pointless_box, trog_three_pillars_becter, uniq_saint_roka
Depths:2: minmay_slanted_spiral_squares, layout_gridlike, hell_entry,
          rand_demon_pan_entry_5, minmay_misc_feat_pillars,
          eat_drink_and_be_merry_uskayaw, infiniplex_staircase_pool_2
Depths:3: vault_1, layout_gridville, enter_ziggurat_d, pf_hell_entry_tar_river,
          abyss_entry, minmay_holes, hangedman_abyss_or_decor_slice,
          firewood_loft, infiniplex_staircase_zigzag_2
Depths:4: grunt_zot_entry_tricorne, layout_gridlike, serial_shops,
          nicolae_shop_behind_doors, hellmouth_1
Zot:1:    lemuel_halls_of_wrath, layout_twisted_circle, st_large_dragon_hoard_2,
          uniq_vv
Zot:2:    layout_concentric_octagons
Zot:3:    grunt_deathspiral_small, layout_cathedral_of_symmetry
Zot:4:    layout_concentric_octagons, st_stairs_3, nicolae_zot_crop_circle
Zot:5:    layout_cellular_growth

Skill      XL: |  1  2  3  4  5  6  7  8  9 10 11 12 13 14 15 16 17 18 19 20 21 22 23 24 25 26 27 |
---------------+----------------------------------------------------------------------------------+-----
Poison Magic   | 2 3 |  3.0
Stealth        | 2 3 |  3.0
Polearms       | 1 2 3 4 6 7 8 10 14 | 14.0
Armour         | 1 2 3 5 9 11 12 13 14 15 16 18 20 | 20.0
Fighting       | 3 4 5 7 8 10 12 14 15 18 20 22 | 22.0
Invocations    | 1 3 6 7 9 11 12 14 | 14.0
Evocations     | 5 7 8 |  8.0
Throwing       | 7 11 13 15 16 20 22 | 22.3
Shields        | 9 14 15 17 18 | 18.0
Dodging        | 9 12 14 15 | 15.0
Spellcasting   | |  1.0
Transmutations | |  2.0

Action                     |  1- 3 |  4- 6 |  7- 9 | 10-12 | 13-15 | 16-18 | 19-21 | 22-24 | 25-27 || total
---------------------------+-------+-------+-------+-------+-------+-------+-------+-------+-------++-------
  Melee: Dagger            |    51 |       |       |       |       |       |       |       |       ||    51
         Spear             |    12 |   198 |   432 |  1188 |       |       |       |       |       ||  1830
         Demon trident     |       |       |       |   105 |  1474 |  1742 |  1383 |  1634 |  1847 ||  8185
         Constrict         |       |       |       |       |   197 |   296 |   220 |   256 |   211 ||  1180
  Throw: Javelin           |       |       |       |       |       |    16 |    45 |    13 |    38 ||   112
   Cast: Sting             |    27 |       |       |       |       |       |       |       |       ||    27
 Invoke: Heroism           |       |       |     2 |    10 |     2 |     7 |     5 |     4 |     7 ||    37
         Finesse           |       |       |       |     1 |     1 |       |     2 |     1 |     2 ||     7
         Receive Weapon    |       |       |       |     1 |       |       |       |       |       ||     1
         Receive Armour    |       |       |       |     1 |       |       |       |       |       ||     1
         Duel              |       |       |       |       |       |     2 |     4 |     4 |     6 ||    16
Ability: Spit Poison       |     2 |       |       |     1 |       |       |       |       |       ||     3
  Evoke: Wand              |       |       |       |     6 |       |     2 |       |     3 |     2 ||    13
         Phial of floods   |       |       |       |       |     1 |       |       |       |       ||     1
         Condenser vane    |       |       |       |       |       |     1 |       |     1 |       ||     2
    Use: Scroll            |     2 |     1 |     5 |    13 |     4 |    15 |     5 |     5 |     8 ||    58
         Potion            |       |     1 |     1 |     8 |     1 |     8 |     4 |     5 |    14 ||    42
   Stab: Sleeping          |       |     2 |       |       |     1 |     3 |     1 |     2 |       ||     9
         Distracted        |       |     1 |     1 |       |     4 |     1 |     1 |     3 |       ||    11
         Confused          |       |       |       |     1 |     8 |    11 |       |       |       ||    20
         Petrifying        |       |       |       |       |     1 |     1 |       |     1 |       ||     3
         Paralysed         |       |       |       |       |     1 |     9 |       |       |       ||    10
 Armour: Robe              |    54 |       |       |       |       |       |       |       |       ||    54
         Scale mail        |    10 |    73 |   177 |   464 |   792 |  1215 |  1132 |   994 |       ||  4857
         Skin              |       |     7 |       |       |       |       |       |       |       ||     7
         Storm dragon scal |       |       |       |       |       |       |       |   168 |  1088 ||  1256
         Plate armour      |       |       |       |       |       |       |       |       |    54 ||    54
  Dodge: Dodged            |    34 |    48 |   124 |   313 |   421 |   659 |   507 |   874 |   713 ||  3693
  Block: Buckler           |    33 |    41 |    98 |   233 |   345 |   270 |       |       |       ||  1020
         Kite shield       |       |       |       |       |       |   478 |   946 |   913 |       ||  2337
         Reflection        |       |       |       |       |       |    34 |   128 |    25 |       ||   187
         Tower shield      |       |       |       |       |       |       |       |   383 |  2469 ||  2852

Table legend: (Time is in decaauts)
 A = Elapsed time spent in this place.
 B = Non-inter-level travel time spent in this place.
 C = Inter-level travel time spent in this place.
 D = Time resting spent in this place.
 E = Time spent auto-exploring this place.
 F = Levels seen in this place.
 G = Mean time per level.
                   A        B        C        D        E       F      G
               +--------+--------+--------+--------+--------+-----+--------+
         Total |  75649 |  68476 |   7173 |  14153 |  36208 |  67 | 1129.1 |
       Dungeon |  22946 |  19755 |   3191 |   4249 |  10735 |  15 | 1529.7 |
        Temple |     36 |      3 |     33 |      0 |      0 |   1 |   36.0 |
          Lair |   8286 |   7205 |   1081 |   1095 |   4680 |   5 | 1657.2 |
        Shoals |   6350 |   6031 |    319 |   2640 |   1873 |   4 | 1587.5 |
   Spider Nest |   6937 |   6441 |    496 |   2044 |   2935 |   4 | 1734.2 |
  Orcish Mines |   2300 |   2096 |    204 |    155 |   1522 |   2 | 1150.0 |
        Vaults |   8586 |   8002 |    584 |    676 |   4745 |   5 | 1717.2 |
        Depths |   7268 |   6629 |    639 |   1073 |   3821 |   4 | 1817.0 |
           Zot |   9226 |   8603 |    623 |   1432 |   4662 |   5 | 1845.2 |
       Ossuary |    242 |    242 |      0 |      0 |    105 |   1 |  242.0 |
      Ice Cave |     55 |     55 |      0 |      0 |      0 |   1 |   55.0 |
       Volcano |    480 |    480 |      0 |    171 |    180 |   1 |  480.0 |
        Wizlab |   1051 |   1051 |      0 |    418 |    106 |   1 | 1051.0 |
    Desolation |    973 |    973 |      0 |     59 |    547 |   1 |  973.0 |
      Gauntlet |    597 |    597 |      0 |     82 |    292 |   1 |  597.0 |
         Arena |    311 |    311 |      0 |     55 |      0 |  16 |   19.4 |
               +--------+--------+--------+--------+--------+-----+--------+

Top non-repeatable levels by time:
Shoals:3: 3094 daAuts
    D:11: 2978 daAuts
Vaults:5: 2660 daAuts
   Zot:3: 2636 daAuts
    D:14: 2527 daAuts
Depths:4: 2346 daAuts
  Lair:2: 2296 daAuts
  Lair:5: 2214 daAuts
    D:15: 2154 daAuts
Depths:3: 2116 daAuts
   Zot:1: 1884 daAuts
   Zot:5: 1842 daAuts
Spider:3: 1832 daAuts
Spider:4: 1825 daAuts
Spider:2: 1752 daAuts
